Map: New Gettysburg LE

Players

IIIIIIIIIIII (State) - Winner!

  • Race: Protoss Protoss
  • League: Grandmaster

IIIIIIIIIIII

  • Race: Protoss Protoss
  • League: Grandmaster

VOD

Have the link to the VOD?

Description

Time

  • Played on: Aug. 4, 2016, 3:28 a.m.
  • Length: 11:02
Show
View Real Time Build Order
Export as new Build Order

IIIIIIIIIIII Protoss - Winner!

Build Orders:  

Get SALT Encoding   

  12  0:01  Probe (Chrono Boost)  
  13  0:11  Probe (Chrono Boost)  
  14  0:20  Pylon  
  14  0:22  Probe (Chrono Boost)  
  15  0:38  Gateway, Probe (Chrono Boost)  
  16  0:43  Assimilator  
  16  0:49  Probe (Chrono Boost)  
  17  0:55  Assimilator  
  17  0:59  Probe (Chrono Boost)  
  18  1:05  Gateway  
  18  1:10  Probe (Chrono Boost)  
  19  1:23  Probe (Chrono Boost)  
  20  1:26  Cybernetics Core  
  20  1:33  Probe (Chrono Boost)  
  20  1:37  Pylon  
  21  1:44  Probe (Chrono Boost)  
  22  1:50  Warp Gate  
  22  1:54  Probe (Chrono Boost)  
  23  2:04  Stalker x2  
  23  2:07  Probe (Chrono Boost)  
  28  2:16  Pylon  
  30  2:24  Mothership Core (Chrono Boost)  
  30  2:38  Stalker x2  
  30  2:44  Probe (Chrono Boost)  
  35  3:06  Nexus  
  34  3:28  Pylon, Probe (Chrono Boost)  
  34  3:29  Robotics Facility  
  34  3:42  Stalker x2  
  34  3:46  Probe (Chrono Boost)  
  39  3:57  Twilight Council  
  39  4:03  Pylon  
  39  4:04  Probe (Chrono Boost)  
  40  4:16  Observer, Probe (Chrono Boost)  
  41  4:21  Probe (Chrono Boost)  
  43  4:26  Sentry, Zealot  
  43  4:28  Probe (Chrono Boost)  
  48  4:32  Probe (Chrono Boost)  
  48  4:36  Immortal  
  49  4:40  Probe (Chrono Boost)  
  49  4:42  Probe (Chrono Boost)  
  55  4:50  Blink  
  55  4:52  Probe (Chrono Boost)  
  56  4:55  Probe (Chrono Boost)  
  57  5:04  Probe (Chrono Boost)  
  59  5:07  Probe (Chrono Boost)  
  59  5:10  Warp Prism  
  59  5:13  Assimilator  
  59  5:16  Probe (Chrono Boost)  
  63  5:24  Pylon  
  63  5:26  Pylon  
  63  5:31  Nexus  
  63  5:37  Probe (Chrono Boost)  
  63  5:40  Probe (Chrono Boost)  
  64  5:44  Observer  
  64  5:46  Stalker x2  
  64  5:49  Probe (Chrono Boost)  
  70  5:53  Probe (Chrono Boost)  
  71  6:01  Pylon, Probe (Chrono Boost)  
  73  6:05  Probe (Chrono Boost)  
  73  6:08  Robotics Bay  
  73  6:13  Stalker x2, Probe (Chrono Boost)  
  73  6:17  Probe (Chrono Boost)  
  79  6:20  Immortal  
  79  6:25  Probe (Chrono Boost)  
  84  6:34  Pylon  
  84  6:37  Forge  
  84  6:38  Probe x2 (Chrono Boost)  
  86  6:44  Sentry, Zealot  
  90  6:55  Probe x2 (Chrono Boost)  
  90  6:57  Immortal  
  90  7:09  Probe x2 (Chrono Boost)  
  90  7:11  Probe (Chrono Boost)  
  90  7:15  Gateway  
  91  7:16  Gateway  
  91  7:17  Gateway x2  
  91  7:21  Pylon, Probe x2 (Chrono Boost)  
  88  7:31  Immortal  
  88  7:34  Stalker x2  
  90  7:53  Pylon  
  90  8:02  Protoss Ground Weapons Level 1  
  90  8:03  Stalker x2  
  94  8:09  Probe (Chrono Boost)  
  94  8:11  Probe (Chrono Boost)  
  94  8:12  Resonating Glaives, Probe (Chrono Boost)  
  101  8:15  Assimilator  
  101  8:16  Photon Cannon  
  101  8:21  Assimilator  
  101  8:22  Disruptor  
  98  8:28  Zealot x6  
  98  8:33  Gateway  
  110  8:34  Gateway  
  110  8:35  Pylon  
  110  8:39  Photon Cannon  
  110  8:41  Photon Cannon  
  110  8:42  Photon Cannon  
  110  8:45  Pylon  
  110  8:52  Adept x2  
  110  8:53  Adept x3  
  110  8:54  Warp Prism  
  110  8:55  Gravitic Drive  
  122  9:10  Photon Cannon  
  122  9:14  Gateway  
  122  9:16  Photon Cannon  
  122  9:17  Pylon  
  122  9:26  Disruptor  
  122  9:27  Templar Archives  
  121  9:37  Stalker x2  
  121  9:38  Stalker x4  
  135  9:51  Photon Cannon  
  135  9:57  Disruptor  
  135  9:59  Photon Cannon  
  135  10:03  Adept x6  
  150  10:23  Pylon x2  
  150  10:25  Pylon  
  145  10:33  Adept x7  
  130  10:53  Adept x3  
  130  10:54  Adept x2  
Show
View Real Time Build Order
Export as new Build Order

IIIIIIIIIIII Protoss 

Build Orders:  

Get SALT Encoding   

  12  0:00  Probe (Chrono Boost)  
  13  0:11  Probe (Chrono Boost)  
  14  0:18  Pylon  
  14  0:22  Probe (Chrono Boost)  
  15  0:36  Probe (Chrono Boost)  
  15  0:38  Gateway  
  15  0:42  Assimilator  
  16  0:47  Probe (Chrono Boost)  
  17  0:52  Assimilator  
  17  0:58  Probe (Chrono Boost)  
  18  1:08  Probe (Chrono Boost)  
  19  1:13  Gateway  
  19  1:19  Probe (Chrono Boost)  
  20  1:29  Probe (Chrono Boost)  
  20  1:31  Cybernetics Core  
  21  1:38  Pylon  
  22  1:40  Probe (Chrono Boost)  
  22  1:50  Probe (Chrono Boost)  
  23  1:56  Warp Gate  
  23  2:08  Mothership Core (Chrono Boost)  
  29  2:15  Pylon  
  29  2:22  Nexus  
  25  2:30  Stalker  
  25  2:36  Stalker  
  29  2:41  Probe (Chrono Boost)  
  30  2:52  Gateway  
  30  3:11  Probe (Chrono Boost)  
  26  3:32  Mothership Core (Chrono Boost)  
  28  3:45  Probe (Chrono Boost)  
  29  3:51  Pylon  
  27  3:56  Probe (Chrono Boost)  
  27  3:59  Stalker x3, Probe (Chrono Boost)  
  35  4:08  Probe (Chrono Boost)  
  37  4:11  Probe (Chrono Boost)  
  37  4:20  Robotics Facility  
  37  4:21  Stalker  
  37  4:23  Stalker x2, Probe (Chrono Boost)  
  44  4:29  Probe (Chrono Boost)  
  45  4:36  Probe (Chrono Boost)  
  45  4:39  Probe (Chrono Boost)  
  46  4:45  Twilight Council  
  46  4:47  Probe (Chrono Boost)  
  46  4:50  Probe (Chrono Boost)  
  46  4:51  Sentry x2  
  52  4:57  Probe (Chrono Boost)  
  53  5:00  Probe (Chrono Boost)  
  53  5:02  Pylon  
  53  5:06  Blink  
  54  5:15  Pylon  
  54  5:19  Observer  
  54  5:20  Probe (Chrono Boost)  
  57  5:21  Probe (Chrono Boost)  
  57  5:27  Nexus  
  57  5:32  Probe (Chrono Boost)  
  57  5:34  Probe (Chrono Boost)  
  57  5:35  Assimilator  
  59  5:37  Assimilator  
  59  5:39  Immortal  
  59  5:49  Probe x2 (Chrono Boost)  
  65  5:56  Pylon  
  65  6:01  Pylon, Probe x2 (Chrono Boost)  
  67  6:06  Pylon  
  67  6:15  Gateway  
  67  6:17  Gateway  
  67  6:19  Gateway  
  67  6:24  Probe x2 (Chrono Boost)  
  69  6:30  Observer  
  70  6:36  Probe (Chrono Boost)  
  70  6:37  Probe (Chrono Boost)  
  72  6:40  Stalker  
  72  6:41  Stalker  
  72  6:42  Stalker  
  79  6:48  Probe (Chrono Boost)  
  79  6:49  Probe (Chrono Boost)  
  68  7:04  Stalker x2  
  68  7:05  Stalker  
  72  7:14  Stalker  
  72  7:15  Stalker x2  
  76  7:36  Probe x2 (Chrono Boost)  
  76  7:45  Nexus  
  76  7:47  Stalker x3  
  76  7:48  Pylon, Stalker x2  
  86  8:01  Warp Prism  
  86  8:07  Pylon  
  86  8:08  Forge, Probe x2 (Chrono Boost)  
  86  8:11  Pylon  
  87  8:13  Pylon  
  89  8:20  Probe x2 (Chrono Boost)  
  89  8:28  Protoss Ground Weapons Level 1  
  89  8:32  Immortal, Probe x2 (Chrono Boost)  
  91  8:34  Dark Shrine  
  91  8:37  Gateway  
  95  8:41  Gateway  
  95  8:45  Gateway  
  97  8:50  Adept x2  
  97  8:54  Probe (Chrono Boost)  
  97  8:55  Probe (Chrono Boost)  
  101  8:59  Sentry x3  
  108  9:07  Assimilator, Immortal  
  109  9:12  Assimilator  
  111  9:19  Adept  
  111  9:23  Templar Archives  
  111  9:43  Robotics Bay  
  111  9:45  Robotics Facility  
  111  9:52  Nexus  
  109  9:54  Pylon, Stalker x2  
  109  9:55  Stalker  
  107  10:15  Adept x5  
  107  10:16  Adept  
  119  10:22  Dark Templar x3  
  96  10:36  Dark Templar x2  
  96  10:38  Dark Templar  
  96  10:39  Dark Templar x2  
  74  10:52  Dark Templar  
Tags
 
Add a new tag
Caveats
  • Supply blocks, unpowered buildings, or Contaminate may cause inaccurate times.
  • Supply counts are checked every 10 seconds.